Map: Eternal Empire LE

Players

YoutubeTY (TY) - Winner!

  • Race: Terran Terran
  • League: Diamond
  • Spawn Location: 7:00

Vanya

  • Race: Zerg Zerg
  • Spawn Location: 1:00

Event: Shopify TSL 5

VOD

Have the link to the VOD?

Description

Time

  • Played on: May 16, 2020, 10:22 a.m.
  • Length: 7:20

All games in this series

Show
View Real Time Build Order
Export as new Build Order

YoutubeTY Terran - Winner!

Build Orders: Reaper Expand 

Get SALT Encoding   

  12  0:00  SCV  
  13  0:13  SCV  
  14  0:17  Supply Depot  
  14  0:25  SCV  
  15  0:39  SCV  
  15  0:41  Barracks  
  16  0:44  Refinery  
  16  0:51  SCV  
  17  1:03  SCV  
  18  1:15  SCV  
  19  1:28  Reaper  
  19  1:29  Orbital Command  
  20  1:40  Command Center  
  20  1:50  Supply Depot  
  20  1:55  SCV  
  20  2:00  Marine  
  22  2:06  Factory  
  22  2:09  SCV  
  23  2:18  Marine  
  23  2:21  SCV  
  25  2:33  SCV  
  26  2:39  Barracks Reactor  
  26  2:45  Command Center  
  26  2:47  SCV  
  27  2:55  Orbital Command  
  27  3:04  Starport  
  27  3:05  SCV  
  28  3:15  Marine  
  28  3:16  Marine  
  28  3:18  SCV  
  31  3:21  SCV  
  31  3:24  Factory Tech Lab  
  32  3:30  SCV  
  32  3:33  SCV, Marine x2  
  36  3:40  Viking  
  38  3:42  SCV  
  38  3:45  SCV  
  39  3:51  Marine x2  
  39  3:53  Supply Depot  
  39  3:54  SCV  
  42  3:57  SCV  
  42  3:59  Barracks, Orbital Command  
  43  4:06  SCV  
  43  4:07  Barracks  
  43  4:09  Marine x2  
  46  4:11  SCV  
  47  4:18  SCV  
  47  4:19  Refinery  
  47  4:20  Factory Reactor  
  47  4:23  SCV  
  49  4:25  SCV  
  49  4:27  Marine x2  
  49  4:30  SCV  
  53  4:33  Starport Reactor  
  53  4:35  SCV  
  53  4:36  Supply Depot  
  53  4:37  SCV  
  55  4:38  Refinery  
  55  4:42  SCV  
  55  4:45  Marine x2  
  58  4:46  Stimpack  
  58  4:47  Marine  
  58  4:49  SCV  
  58  4:50  Engineering Bay  
  61  4:52  SCV  
  61  4:54  Engineering Bay  
  62  5:02  Marine  
  62  5:04  SCV x2  
  64  5:08  Supply Depot  
  64  5:09  Marine x3  
  64  5:10  Marine  
  64  5:11  SCV  
  69  5:14  Medivac  
  69  5:16  SCV  
  69  5:19  Medivac  
  69  5:20  Missile Turret  
  74  5:22  Missile Turret, SCV  
  74  5:26  Missile Turret, Marine  
  77  5:29  Marine x2  
  77  5:30  Factory Tech Lab  
  77  5:34  Marine x2, Orbital Command  
  80  5:43  SCV x2  
  80  5:44  Marine  
  80  5:47  Marine x2  
  85  5:57  Marine  
  85  5:58  Marine  
  85  6:07  Supply Depot  
  85  6:08  Marine  
  85  6:09  Supply Depot  
  85  6:10  Siege Tank, Marine  
  89  6:15  SCV x3  
  92  6:21  Marine  
  93  6:28  Marine x2  
  93  6:30  Missile Turret  
  92  6:33  Marine x2  
  92  6:34  Medivac x2  
  92  6:39  Marine  
  94  6:41  SCV x3  
  94  6:46  Marine x2  
  99  6:50  Marine  
  99  6:51  Marine  
  99  6:53  SCV  
  103  6:55  SCV x2  
  103  6:57  Marine  
  106  7:03  Supply Depot  
  106  7:05  Supply Depot  
Show
View Real Time Build Order
Export as new Build Order

Vanya Zerg 

Build Orders: Hatch First 

Get SALT Encoding   

  12  0:00  Drone  
  13  0:12  Overlord  
  13  0:17  Drone  
  14  0:30  Drone  
  14  0:31  Drone  
  16  0:48  Hatchery  
  15  0:51  Drone  
  15  0:55  Drone  
  17  0:57  Drone  
  18  1:08  Extractor  
  17  1:13  Spawning Pool  
  17  1:16  Drone  
  17  1:20  Drone  
  18  1:28  Drone  
  19  1:39  Drone  
  20  1:49  Overlord  
  20  2:00  Queen x2  
  20  2:01  Zergling x4  
  26  2:11  Drone x2  
  26  2:13  Metabolic Boost  
  28  2:22  Drone x2  
  30  2:33  Overlord  
  30  2:34  Drone  
  30  2:36  Queen  
  30  2:43  Drone x2  
  34  2:55  Drone  
  34  2:57  Drone  
  36  3:01  Lair  
  36  3:05  Zergling x4  
  36  3:11  Overlord  
  38  3:13  Drone x2  
  38  3:15  Queen  
  38  3:16  Drone  
  38  3:17  Drone  
  44  3:29  Extractor x2  
  44  3:30  Drone x5  
  48  3:41  Drone x4  
  48  3:44  Extractor  
  48  3:46  Overlord  
  50  3:50  Overlord  
  50  4:00  Hatchery  
  49  4:04  Spire  
  48  4:11  Drone x2  
  48  4:12  Drone  
  48  4:16  Overlord  
  51  4:18  Zergling x4  
  51  4:19  Zergling x2  
  51  4:22  Zergling x2  
  55  4:26  Overlord  
  55  4:32  Zergling x6  
  55  4:33  Zergling x2  
  55  4:35  Zergling x2  
  55  4:36  Overseer  
  60  4:42  Overlord  
  60  4:59  Overlord  
  60  5:10  Overlord  
  60  5:13  Overlord  
  60  5:15  Overlord  
  60  5:16  Mutalisk x7  
  74  5:26  Mutalisk  
  76  5:29  Zergling x4  
  76  5:34  Mutalisk  
  80  5:36  Overlord  
  80  5:38  Zergling x10  
  84  5:46  Zergling x4  
  84  5:48  Mutalisk  
  88  5:59  Zergling x2  
  88  6:00  Zergling x8  
  87  6:07  Mutalisk x2  
  87  6:09  Zergling x8  
  95  6:16  Mutalisk  
  92  6:22  Zergling x8  
  96  6:25  Mutalisk  
  95  6:36  Mutalisk  
  95  6:38  Zergling x10  
  84  6:48  Mutalisk  
  86  6:55  Mutalisk  
  86  6:59  Zergling x16  
Tags
 
Add a new tag
Caveats
  • Supply blocks, unpowered buildings, or Contaminate may cause inaccurate times.
  • Supply counts are checked every 10 seconds.